 Dungeon Crawl Stone Soup version 0.17.1-3-g152610e (webtiles) character file.

1177 manyhoops the Chopper (level 8, -4/62 HPs)
             Began as a Demonspawn Gladiator on Apr 27, 2016.
             Was a Follower of Okawaru.
             Slain by Menkaure (8 damage)
             ... on level 7 of the Dungeon.
             The game lasted 00:10:23 (6067 turns).

manyhoops the Chopper (Demonspawn Gladiator)        Turns: 6067, Time: 00:10:23

Health: -4/62      AC: 16    Str: 18    XL:     8   Next: 18%
Magic:  8/8        EV:  6    Int: 10    God:    Okawaru [*.....]
Gold:   274        SH:  0    Dex: 13    Spells: 0 memorised, 7 levels left

rFire  . . .     SeeInvis .     z - +4 hand axe
rCold  . . .     Clarity  .     F - +0 plate armour
rNeg   . . .     SustAt   .     (no shield)
rPois  .         Gourm    .     c - +1 helmet
rElec  .         Spirit   .     (no cloak)
rCorr  .         Warding  .     (gloves unavailable)
rMut   +         Stasis   .     (no boots)
MR     .....                    h - amulet of resist mutation
Stlth  ..........               B - ring of stealth
                                t - ring of wizardry

@: confused, not resistant to hostile enchantments, extremely unstealthy
A: claws 3, large bone plates 1
a: Heroism, Renounce Religion


You were on level 7 of the Dungeon.
You worshipped Okawaru.
Okawaru was aware of your devotion.
You were not hungry.

You visited 2 branches of the dungeon, and saw 8 of its levels.

You collected 274 gold pieces.

Inventory:

Hand Weapons
 a - a +0 war axe
 n - a +1 scythe of flaming
 z - a +4 hand axe (weapon)
Missiles
 d - 3 throwing nets (quivered)
Armour
 b - a +0 leather armour
 c - a +1 helmet (worn)
 p - a +0 scale mail
 F - a +0 plate armour (worn)
Jewellery
 h - an amulet of resist mutation (around neck)
 t - a ring of wizardry (left claw)
 A - an uncursed ring of stealth
 B - a ring of stealth (right claw)
Wands
 D - a wand of lightning (10)
 N - a wand of disintegration (8)
Scrolls
 f - a scroll of amnesia
 g - a scroll of enchant armour
 m - a scroll of teleportation {unknown}
 r - 4 scrolls of remove curse
 v - a scroll of recharging {unknown}
 y - a scroll of fog {unknown}
 C - a scroll of enchant weapon {unknown}
 E - a scroll of blinking {unknown}
 H - a scroll of magic mapping {unknown}
 I - a scroll of noise {unknown}
 K - a scroll of identify
 M - a scroll of fear {unknown}
Potions
 i - 3 potions of magic
 j - a potion of invisibility
 k - a potion of agility
 o - 2 potions of poison
 s - a potion of cancellation {unknown}
 u - a potion of haste
 x - a potion of brilliance {unknown}
 J - a potion of degeneration {unknown}
 L - a potion of berserk rage {unknown}
Comestibles
 e - a bread ration
 q - 2 meat rations
 w - a slice of pizza


   Skills:
 + Level 5.0 Fighting
 + Level 5.8 Axes
 - Level 1.7 Throwing
 + Level 5.6 Armour
 - Level 2.6 Dodging


You had 7 spell levels left.
You didn't know any spells.

Dungeon Overview and Level Annotations

Branches:
Dungeon (7/15)             Temple (1/1) D:5

Altars:
Ashenzari
Cheibriados
Dithmenos
Fedhas
Gozag
Kikubaaqudgha
Makhleb
Nemelex Xobeh
Okawaru
Ru
Trog
Vehumet
Xom
Yredelemnul
The Shining One

Shops:
D:6 (

Annotations:
D:4 manyhoops's ghost, amateur DsGl
D:5 manyhoops's ghost, novice OgFi
D:7 Menkaure


Innate Abilities, Weirdness & Mutations

You have claws for hands.
You are partially covered in large bone plates (AC +2, SH +2).


Message History

Menkaure hits you.
* * * LOW HITPOINT WARNING * * *
You hit Menkaure.
Menkaure is heavily damaged.
Menkaure points at you and mumbles some strange words.
Pain shoots through your body!
* * * LOW HITPOINT WARNING * * *
You closely miss Menkaure.
Menkaure is heavily damaged.
Menkaure barely misses you.
You feel better. Menkaure hits you but does no damage.
Menkaure hits you but does no damage.
You barely miss Menkaure.
Menkaure is heavily damaged.
Menkaure hits you!
* * * LOW HITPOINT WARNING * * *
It was a potion of ambrosia.
You are confused.
You feel invigorated. Menkaure hits you!
You die...

###.. ####......
#......... #.##.#####
#M# # #@# #.# #.##.#
#.##.# #.. ####.##..
... ##.##.##.# #.#
##...#.##.## #.#
##..........# #.#
#########.......##..#
#.#


You could see Menkaure.

Vanquished Creatures
  Sigmund (D:2)
  A sky beast (D:6)
  An ogre (D:5)
  2 centaurs (D:6)
  An ice beast (D:6)
  A giant frog (Temple)
  A wyvern skeleton (D:6)
  A scorpion (D:6)
  A jelly (D:3)
  An orc priest (D:3)
  2 orc wizards
  3 worker ants
  Jessica (D:3)
  A killer bee zombie (D:5)
  Robin (D:2)
  8 adders
  A shadow imp (D:4)
  An ooze (D:1)
  An adder skeleton (D:7)
  4 worms
  8 giant geckos
  10 orcs
  2 ball pythons (D:2)
  5 bats
  2 giant cockroaches (D:3)
  13 goblins
  10 hobgoblins
  2 jackals (D:6)
  2 quokkas
  3 giant newts
  A jackal skeleton (D:5)
  A kobold (D:2)
  7 rats
100 creatures vanquished.

Vanquished Creatures (others)
  An ooze (D:6)
1 creature vanquished.

Grand Total: 101 creatures vanquished

Notes
Turn   | Place    | Note
--------------------------------------------------------------
     0 | D:1      | manyhoops the Demonspawn Gladiator began the quest for the Orb.
     0 | D:1      | Reached XP level 1. HP: 16/16 MP: 1/1
   366 | D:1      | Reached skill level 3 in Axes
   375 | D:1      | Gained mutation: You have sharp fingernails. [demonic ancestry]
   375 | D:1      | Reached XP level 2. HP: 20/22 MP: 2/2
   700 | D:2      | Noticed Robin
   752 | D:1      | Reached skill level 1 in Armour
  1019 | D:2      | Killed Robin
  1019 | D:2      | Gained mutation: You have very sharp fingernails. [demonic ancestry]
  1019 | D:2      | Reached XP level 3. HP: 9/27 MP: 3/3
  1498 | D:2      | Reached XP level 4. HP: 9/34 MP: 4/4
  1784 | D:2      | Noticed Sigmund
  2229 | D:2      | Killed Sigmund
  2229 | D:2      | Reached skill level 4 in Axes
  2229 | D:2      | Gained mutation: You are partially covered in large bone plates (AC +2, SH +2). [demonic ancestry]
  2229 | D:2      | Reached XP level 5. HP: 7/41 MP: 5/5
  2643 | D:3      | Noticed Jessica
  2667 | D:3      | Killed Jessica
  2667 | D:3      | Reached XP level 6. HP: 37/47 MP: 6/6
  2685 | D:3      | Found a shadowy altar of Dithmenos.
  2977 | D:3      | Found a snail-covered altar of Cheibriados.
  3004 | D:3      | Found a blossoming altar of Fedhas.
  3309 | D:4      | Noticed manyhoops's ghost (amateur DsGl)
  4213 | D:5      | Entered Level 5 of the Dungeon
  4294 | D:5      | Noticed manyhoops's ghost (novice OgFi)
  4301 | D:5      | Found a sacrificial altar of Ru.
  4432 | D:5      | Reached skill level 5 in Axes
  4432 | D:5      | Gained mutation: You have claws for hands. [demonic ancestry]
  4432 | D:5      | Reached XP level 7. HP: 37/53 MP: 7/7
  4455 | D:5      | Found a staircase to the Ecumenical Temple.
  4473 | Temple   | Entered the Ecumenical Temple
  4643 | Temple   | Became a worshipper of Warmaster Okawaru
  4705 | D:6      | Found a burning altar of Makhleb.
  5023 | D:6      | Reached skill level 5 in Armour
  5187 | D:6      | Reached * piety under Okawaru
  5187 | D:6      | Reached XP level 8. HP: 56/61 MP: 8/8
  5493 | D:6      | Found an opulent altar of Gozag.
  5514 | D:6      | Found Giobrutoum's Antique Weapon Emporium.
  6040 | D:7      | Noticed Menkaure
  6052 | D:7      | Reached skill level 5 in Fighting
  6063 | D:7      | HP: 3/62 [Menkaure/nerve-wracking pain (12)]
  6066 | D:7      | HP: 1/62 [Menkaure (11)]
  6067 | D:7      | Slain by Menkaure

Action                   |  1- 3 |  4- 6 |  7- 9 || total
-------------------------+-------+-------+-------++-------
Melee: War axe           |   126 |   116 |       ||   242
       Hand axe          |       |   106 |   114 ||   220
  Use: Scroll            |       |     8 |     1 ||     9
       Potion            |       |     3 |     5 ||     8
  Eat: Chunk             |     2 |     2 |       ||     4
       Bread ration      |       |     2 |     1 ||     3
